Map: Catallena LE (Void)

Players

Pirateskullz - Winner!

  • Race: Terran Terran
  • Spawn Location: 9:00

Eytukhan

  • Race: Protoss Protoss
  • League: Platinum
  • Spawn Location: 5:00

VOD

Have the link to the VOD?

Description

Time

  • Played on: Aug. 16, 2017, 1:48 a.m.
  • Length: 10:36
Show
View Real Time Build Order
Export as new Build Order

Pirateskullz Terran - Winner!

Build Orders: Reaper Expand 

Get SALT Encoding   

  12  0:01  SCV  
  13  0:13  SCV  
  14  0:25  SCV  
  15  0:28  Supply Depot  
  15  0:44  Supply Depot  
  15  0:50  SCV  
  15  0:51  Barracks  
  15  0:54  Refinery  
  16  1:02  SCV  
  17  1:14  SCV  
  18  1:27  SCV  
  19  1:41  Command Center  
  19  1:50  Reaper  
  20  1:56  Orbital Command  
  20  2:14  Barracks  
  20  2:37  Barracks  
  20  2:38  Barracks Reactor  
  20  2:45  SCV  
  21  2:57  SCV  
  22  3:07  Barracks Tech Lab  
  22  3:10  SCV  
  23  3:22  Marine x2, SCV  
  23  3:23  Bunker  
  26  3:31  Orbital Command  
  26  3:35  SCV  
  26  3:36  Engineering Bay  
  26  3:40  Marine x2  
  29  3:42  Engineering Bay, Refinery  
  29  3:43  Barracks Reactor  
  29  3:49  Factory  
  29  4:05  Marauder, Marine x2  
  32  4:21  Marine x2  
  32  4:22  Marine x2  
  35  4:32  Marauder  
  36  4:39  Marine x2  
  38  4:48  Bunker  
  38  4:52  Marine  
  38  4:59  Marauder, Marine  
  41  5:01  Factory Reactor, Supply Depot  
  41  5:08  Orbital Command, Supply Depot  
  41  5:09  Factory Tech Lab  
  41  5:11  Terran Infantry Armor Level 1, Terran Infantry Weapons Level 1  
  41  5:12  Marine  
  42  5:21  Marauder  
  44  5:24  Supply Depot  
  39  5:45  SCV x2  
  41  5:50  Marauder, Marine  
  44  5:57  SCV x2  
  46  6:11  Marine x4  
  46  6:14  Marauder  
  46  6:15  SCV x2  
  54  6:27  SCV x2  
  54  6:29  Siege Tank  
  59  6:39  Marine x2  
  61  6:40  Marauder, Marine x2  
  61  6:44  Supply Depot  
  65  6:47  Starport  
  65  6:48  Missile Turret  
  65  6:52  Missile Turret  
  65  6:57  Marine  
  56  7:34  SCV  
  56  7:35  SCV  
  58  7:43  Starport Reactor  
  58  7:45  Marine  
  58  7:46  Marauder, Marine x3  
  58  7:47  SCV x2  
  66  7:51  Barracks  
  66  7:53  Supply Depot  
  66  7:54  Supply Depot  
  66  7:55  Combat Shields  
  66  7:59  Siege Tank  
  66  8:03  Marine  
  70  8:09  Marine x4, Starport  
  74  8:14  SCV x2  
  74  8:19  Refinery  
  76  8:21  Marine  
  76  8:26  SCV x2  
  77  8:27  Marine  
  77  8:41  SCV x2  
  79  8:42  Missile Turret, Barracks Tech Lab  
  79  8:47  Marine  
  79  8:48  Marauder, Marine x3  
  84  8:53  SCV  
  86  9:05  Marine x2  
  86  9:09  Marauder  
  88  9:19  Marine x2  
  88  9:20  Marauder  
  88  9:23  Marine  
  88  9:30  Marauder  
  87  9:31  SCV x2  
  87  9:35  Liberator x2  
  87  9:41  Marauder  
  87  9:43  SCV x2  
  91  9:46  Siege Tank  
  100  9:55  SCV x2  
  100  9:57  Supply Depot  
  100  9:59  Starport Tech Lab  
  102  10:13  Marine, SCV  
  102  10:14  Marine  
  102  10:15  Marine  
  102  10:16  Marine x2, SCV  
  102  10:17  Marine  
Show
View Real Time Build Order
Export as new Build Order

Eytukhan Protoss 

Build Orders:  

Get SALT Encoding   

  12  0:01  Probe (Chrono Boost)  
  13  0:11  Probe (Chrono Boost)  
  14  0:20  Pylon  
  14  0:25  Probe (Chrono Boost)  
  15  0:38  Probe (Chrono Boost)  
  15  0:41  Gateway  
  16  0:49  Probe (Chrono Boost)  
  17  1:01  Probe (Chrono Boost)  
  18  1:07  Assimilator  
  18  1:12  Pylon  
  18  1:16  Gateway, Probe (Chrono Boost)  
  19  1:29  Zealot  
  19  1:31  Probe (Chrono Boost)  
  22  1:38  Assimilator  
  22  1:46  Cybernetics Core, Probe (Chrono Boost)  
  23  1:57  Gateway  
  23  2:05  Zealot  
  23  2:08  Probe (Chrono Boost)  
  26  2:15  Pylon  
  26  2:23  Gateway  
  26  2:34  Gateway  
  26  2:40  Zealot  
  26  2:43  Probe (Chrono Boost)  
  29  2:46  Warp Gate (Chrono Boost)  
  29  2:56  Mothership Core (Chrono Boost)  
  31  3:02  Stalker  
  31  3:07  Adept  
  33  3:14  Adept  
  35  3:21  Adept  
  37  3:28  Adept  
  39  3:36  Pylon  
  39  3:48  Twilight Council  
  39  3:54  Adept  
  41  4:03  Stalker  
  43  4:15  Stalker  
  33  5:04  Stalker  
  33  5:05  Stalker  
  33  5:06  Stalker x2  
  41  5:08  Stalker  
  43  5:18  Nexus  
  31  5:44  Adept x3  
  31  5:46  Adept  
  39  5:53  Adept  
  41  6:00  Resonating Glaives (Chrono Boost)  
  41  6:16  Adept  
  41  6:17  Adept  
  45  6:22  Adept  
  47  6:32  Stalker  
  49  6:40  Stalker  
  51  6:49  Probe  
  51  6:50  Probe  
  53  7:03  Probe  
  53  7:07  Zealot  
  30  7:30  Zealot  
  30  7:31  Zealot x3  
  30  7:32  Zealot  
  40  7:41  Probe  
  41  7:46  Assimilator  
  41  7:51  Probe  
  41  7:54  Robotics Facility  
  41  7:57  Charge (Chrono Boost)  
  42  8:04  Sentry  
  44  8:06  Sentry  
  44  8:11  Probe  
  46  8:13  Pylon  
  46  8:14  Probe  
  48  8:22  Probe  
  48  8:26  Probe  
  38  8:48  Adept x2  
  38  8:49  Adept  
  38  8:51  Adept  
  38  8:55  Probe x2  
  44  9:07  Probe  
  45  9:10  Robotics Facility  
  45  9:11  Probe  
  45  9:13  Robotics Facility  
  45  9:16  Assimilator  
  46  9:19  Probe  
  46  9:22  Probe  
  42  9:36  Pylon  
  42  9:37  Zealot x2  
  44  9:42  Pylon  
  44  9:55  Pylon  
  44  9:59  Gateway  
  44  10:01  Gateway  
  50  10:14  Zealot  
  50  10:18  Zealot  
Tags
 
Add a new tag
Caveats
  • Supply blocks, unpowered buildings, or Contaminate may cause inaccurate times.
  • Supply counts are checked every 10 seconds.